 Dungeon Crawl Stone Soup version 0.27-a0-1119-gbf574a6a6b (webtiles) character file.

Game seed: 13024556015540863293

37 Zeld the Shield-Bearer (level 3, -2/26 HPs)
             Began as an Octopode Fighter on May 2, 2021.
             Slain by a jackal (3 damage)
             ... on level 2 of the Dungeon.
             The game lasted 00:00:42 (371 turns).

Zeld the Shield-Bearer (Octopode Fighter)            Turns: 371, Time: 00:00:43

Health: -2/26      AC:  1    Str: 16    XL:     3   Next: 41%
Magic:  3/3        EV: 11    Int: 10    God:
Gold:   24         SH:  9    Dex: 11    Spells: 2/2 levels left

rFire    . . .     SeeInvis .   a - +0 war axe
rCold    . . .     Faith    .   b - +0 kite shield
rNeg     . . .     Spirit   .   (helmet restricted)
rPois    .         Reflect  .   (no amulet)
rElec    .         Harm     .   (no ring)
rCorr    .         Rampage  .   (no ring)
Will     .....                  (no ring)
Stlth    ++........             (no ring)
HPRegen  0.08/turn              (no ring)
MPRegen  0.08/turn              (no ring)
                                (no ring)
                                (no ring)

@: no status effects
A: almost no armour, amphibious, 8 rings, camouflage 1, gelatinous body 1,
(nimble swimmer 1), tentacles
a: no special abilities


You were on level 2 of the Dungeon.
You visited 1 branch of the dungeon, and saw 2 of its levels.

You collected 24 gold pieces.

Inventory:

Hand Weapons
 a - a +0 war axe (weapon)
Armour
 b - a +0 kite shield (worn)
Scrolls
 d - a scroll of identify {unknown}
Potions
 c - a potion of might


   Skills:
 * Level 3.4 Fighting
 * Level 2.6 Axes
 - Level 3.0 Dodging
 * Level 3.5 Shields


You had 2 spell levels left.
You didn't know any spells.
Your spell library was empty.

Dungeon Overview and Level Annotations

Branches:
Dungeon (2/15)

Altars:


Innate Abilities, Weirdness & Mutations

You cannot wear most types of armour.
You are amphibious.
You can wear up to eight rings at the same time.
Your skin changes colour to match your surroundings (Stealth+).
Your rubbery body absorbs attacks. (AC +1, EV +1)
((You are camouflaged near water. (Stealth+)))
You have tentacles for arms and can constrict up to eight enemies at once.


Message History

Unknown command.
You closely miss the adder. Your grab misses the adder.
You hit the jackal but do no damage. The jackal closely misses you.
The adder bites you. The jackal barely misses you.
You block the adder's attack.
You closely miss the adder. Your grab misses the adder. You squeeze the adder.
The adder is heavily wounded.
You hit the jackal but do no damage. The jackal closely misses you.
You block the adder's attack. The jackal barely misses you.
The adder bites you.
You are poisoned.
The adder poisons you! You block the jackal's attack.
You are too injured to fight recklessly!
You are too injured to fight recklessly!
You slash the adder!
You kill the adder!
You hit the jackal.
You feel very sick. You block the jackal's attack. The jackal misses you.
You block the jackal's attack.
Unknown command.
You barely miss the jackal. You grab the jackal. You closely miss the jackal.
You constrict the jackal.
You feel sick. You block the jackal's attack. The jackal barely misses you.
The jackal bites you.
* * * LOW HITPOINT WARNING * * *
The jackal bites you.
* * * LOW HITPOINT WARNING * * *
Unknown command.
You release your grip on the jackal.
You feel sick.
You slash the jackal!
You kill the jackal!
You feel sick. The jackal misses you. The jackal bites you.
* * * LOW HITPOINT WARNING * * *
You miss the jackal. Your grab misses the jackal.
The jackal is moderately wounded.
* * * LOW HITPOINT WARNING * * *
You feel sick.
You are no longer poisoned.
You block the jackal's attack. The jackal bites you.
You die...

##### #...
.############.#
#.............######.
.#######.[...........
. #.####.###.##...
#.###.#@##......
##....###h†..# #
#..###.#.#†..##.#
#..####.# .......
#.......###..#...
#..####†.........
#..# ##.###..#.#.
#..###...## .#.#
#.........#..# #


You could see a jackal.

Vanquished Creatures
  2 adders (D:2)
  A worm (D:2)
  3 giant cockroaches (D:1)
  A goblin (D:2)
  2 hobgoblins (D:2)
  3 jackals (D:2)
  A ball python (D:1)
  A bat (D:2)
  A frilled lizard (D:1)
  A rat (D:1)
16 creatures vanquished.

Notes
Turn   | Place    | Note
-------+----------+-------------------------------------------
     0 | D:1      | Zeld the Octopode Fighter began the quest for the Orb.
     0 | D:1      | Reached XP level 1. HP: 16/16 MP: 1/1
   151 | D:2      | Reached XP level 2. HP: 20/21 MP: 2/2
   330 | D:2      | Reached XP level 3. HP: 24/26 MP: 3/3
   371 | D:2      | HP: 1/26 [poisoned by an adder]
   371 | D:2      | Slain by a jackal

Illustrated notes

Levels and vault maps discovered:
D:1:      dpeg_arrival_prison, layout_loops_corners,
          shapermc_ecumenical_altar_mp_vishouse
D:2:      layout_loops_ring

Action                   || total
-------------------------++-------
Melee: War axe           ||    35
       Constrict         ||     9
       Tentacles         ||     5
 Stab: Sleeping          ||     3
Armor: Skin              ||     3
Dodge: Dodged            ||    25
Block: Kite shield       ||    24

Table legend: (Time is in decaauts)
 A = Elapsed time spent in this place.
 B = Non-inter-level travel time spent in this place.
 C = Inter-level travel time spent in this place.
 D = Time resting spent in this place.
 E = Time spent auto-exploring this place.
 F = Levels seen in this place.
 G = Mean time per level.
                   A        B        C        D        E       F      G
               +--------+--------+--------+--------+--------+-----+--------+
         Total |    392 |    392 |      0 |      0 |    260 |   2 |  196.0 |
       Dungeon |    392 |    392 |      0 |      0 |    260 |   2 |  196.0 |
               +--------+--------+--------+--------+--------+-----+--------+

Top non-repeatable levels by time:
     D:2: 238 daAuts
     D:1: 154 daAuts
